 Dungeon Crawl Stone Soup version 0.31-a0-231-g51bb95cda3 (webtiles) character file.

Game seed: 12435442569182238282

44 qw the Shooter (level 3, -1/21 HPs)
             Began as a Gargoyle Hexslinger on July 6, 2023.
             Slain by a gnoll
             ... wielding a +0 club
              (5 damage)
             ... on level 1 of the Dungeon.
             The game lasted 00:00:21 (726 turns).

qw the Shooter (Gargoyle Hexslinger)                 Turns: 726, Time: 00:00:22

Health: -1/21      AC:  5    Str: 11    XL:     3   Next: 60%
Magic:  4/4        EV: 12    Int: 13    God:
Gold:   56         SH:  0    Dex: 14    Spells: 3/4 levels left

rFire   . . .        Y - +1 sling
rCold   . . .        (no shield)
rNeg    + . .        c - +0 robe
rPois   inf          (no helmet)
rElec   +            (no cloak)
rCorr   .            (no gloves)
SInv    .            (no boots)
Will    .....        (no amulet)
Stlth   +            (no ring)
HPRegen 0.23/turn    (no ring)
MPRegen 0.09/turn

%: no passive effects
@: no status effects
A: sickness immunity, AC +3, negative energy resistance 1, electricity
resistance, torment resistance 1, petrification resistance
a: no special abilities


You were on level 1 of the Dungeon.
You visited 1 branch of the dungeon, and saw 2 of its levels.

You collected 56 gold pieces.


Innate Abilities, Weirdness & Mutations

You are immune to sickness and miasma.
Your stone body is resilient. (AC +3)
You are immune to poison.
You resist negative energy. (rN+)
You are resistant to electric shocks. (rElec)
You are resistant to unholy torment.
You are immune to petrification.


   Skills:
 - Level 2.0 Fighting
 + Level 3.5 Ranged Weapons
 - Level 1.5 Dodging
 - Level 1.0 Spellcasting
 - Level 2.6 Hexes


You had 3 spell levels left.
You knew the following spells:

 Your Spells              Type           Power      Damage    Failure   Level
a - Slow                  Hex            28%        N/A       10%         1

Your spell library contained the following spells:

 Spells                   Type           Power      Damage    Failure   Level
 Inner Flame              Hex/Fire       4%         N/A       43%         3
 Portal Projectile        Hex/Tloc       8%         N/A       43%         3
 Cause Fear               Hex            3%         N/A       67%         4

Inventory:

Hand Weapons
 Y - a +1 sling (weapon)
Armour
 c - a +0 robe (worn)
Potions
 e - a potion of ambrosia {unknown}

Dungeon Overview and Level Annotations

Branches:
Dungeon (2/15)

Altars:


Message History

The gnoll is almost dead.
You shoot a sling bullet.
The sling bullet closely misses the gnoll.
The gnoll hits you from afar with a +0 spear.
You shoot a sling bullet.
The sling bullet hits the gnoll but does no damage.
The gnoll is almost dead.
The gnoll closely misses you.
You shoot a sling bullet.
The sling bullet closely misses the gnoll.
The gnoll barely misses you.
The gnoll hits you from afar with a +0 spear.
The gnoll hits you but does no damage.
720 ||| STAIRDANCE The endoplasm misses you.
The gnoll barely misses you.
You climb upwards.
There is a stone staircase leading down here.
Enter note:
Enter note:
Enter note: You shoot a sling bullet.
The sling bullet closely misses the gnoll.
The endoplasm barely misses you. The gnoll barely misses you.
You shoot a sling bullet.
The sling bullet barely misses the gnoll.
The endoplasm closely misses you. The gnoll hits you with a +0 club!
You shoot a sling bullet. The sling bullet hits the gnoll.
The gnoll is severely wounded.
The endoplasm freezes you.
You are frozen.
The gnoll hits you with a +0 club.
You shoot a sling bullet. The sling bullet hits the gnoll.
The gnoll is severely wounded.
The endoplasm closely misses you. The gnoll misses you.
You shoot a sling bullet. The sling bullet hits the gnoll.
The gnoll is almost dead.
The endoplasm freezes you.
You are frozen.
The gnoll closely misses you. The endoplasm freezes you.
You are frozen.
The gnoll hits you with a +0 club.
You die...

#..# #...............#.#
#######..# #.#.......##.#.....
#...#....# #.####..####.#.....
#.......## #.####..# ##.#..###
#...#.### #.......###.....###
##.##.# #..###......#......
#.##.# #..# ######.....###
#.##.# #.J# ######.......
#.##.########g@####............
#.##....?...........#######.##.
#%######...#..####### #.##. #.#
#......# #.##. #.# #..)#.##
####### #.##. #.# ##.##.#
#.....# #.##. #)#
##.##.####.....# #.### #.#
#..............# ##.### #.#
#.###.###......# ##...##


You could see a gnoll and an endoplasm.

Vanquished Creatures
  3 dart slugs (D:1)
  3 endoplasms (D:1)
  2 giant cockroaches (D:1)
  4 goblins (D:1)
  3 hobgoblins (D:1)
  3 kobolds (D:1)
  A quokka (D:1)
  7 ball pythons (D:1)
  A bat (D:1)
  2 frilled lizards (D:1)
  7 rats (D:1)
36 creatures vanquished.

Notes
Turn   | Place    | Note
-------+----------+-------------------------------------------
     0 | D:1      | qw the Gargoyle Hexslinger began the quest for the Orb.
     0 | D:1      | Reached XP level 1. HP: 12/12 MP: 2/2
     0 | D:1      | 0 ||| qw: Version: 0.3-a-46-gb1f654a
     0 | D:1      | 0 ||| qw: Game counter: 1844
     0 | D:1      | 0 ||| qw: Melee chars always use a shield: true
     0 | D:1      | 0 ||| qw: God list: Okawaru
     0 | D:1      | 0 ||| qw: Allow faded altars: false
     0 | D:1      | 0 ||| qw: Do Orc after clearing Dungeon:15 true
     0 | D:1      | 0 ||| qw: Do second Lair branch before Depths: true
     0 | D:1      | 0 ||| qw: Lair rune preference: random
     0 | D:1      | 0 ||| qw: Goals: Normal
     0 | D:1      | 0 ||| PLANNING D:1-11
    70 | D:1      | Reached XP level 2. HP: 16/16 MP: 3/3
   139 | D:1      | Reached skill level 3 in Ranged Weapons
   202 | D:1      | Reached XP level 3. HP: 21/21 MP: 4/4
   694 | D:1      | 694 ||| DROPPING ring of wizardry.
   695 | D:1      | 695 ||| READING scroll labelled LITOBIAZXEO.
   696 | D:1      | 696 ||| READING scroll labelled WOPNISTEIK.
   701 | D:1      | 701 ||| READING scroll labelled CEABAIMUGU.
   702 | D:1      | 702 ||| DROPPING scroll of poison.
   720 | D:2      | 720 ||| STAIRDANCE
   726 | D:1      | HP: 5/21 [frozen (1)]
   726 | D:1      | Slain by a gnoll

Levels and vault maps discovered:
D:1:      onia_arrival_handbag, layout_loops_ring
D:2:      layout_basic, hellmonk_ecumenical_altar_crossroads

Skill      XL: |  1  2  3 |
---------------+----------+-----
Ranged Weapons | 3 |  3.5
Fighting       | 2 |  2.0
Dodging        | |  1.5
Spellcasting   | |  1.0
Hexes          | |  2.6

Action                     || total
---------------------------++-------
   Fire: Sling             ||    94
    Use: Scroll            ||     3
 Armour: Robe              ||     6
  Dodge: Dodged            ||    20

Table legend:
 A = Non-vault XP
 B = Vault XP
 C = Vault XP percentage of total XP
 D = Non-vault monster count
 E = Vault monster count
 F = Vault count percentage of total count
                 A         B        C        D         E       F
            +---------+---------+-------+---------+---------+-------
      Total |      58 |       5 |   7.9 |      32 |       4 |  11.1
            +---------+---------+-------+---------+---------+-------
        D:1 |      58 |       5 |   7.9 |      32 |       4 |  11.1
            +---------+---------+-------+---------+---------+-------
